AoeStats
← Big Toilet Snake

Glade

510949660Analyzed
1v1 RM · 13h ago on Oct 3, 2026· 26m 46s· 2 players
Game mode
Random Map
Map size
Tiny (2 player)
Population
200
Speed
Normal
Resources
Standard
Victory
Conquest
Starting age
Dark Age
Ending age
Imperial Age
RankedLock teamsTeams togetherTeam positionsShared explorationLock speedFull tech treeHidden civsTurbo modeCheats
Victory
Defeat
🇦🇷 Aztecs · Argentina
749
+17
🇨🇦 Persians · Canada
781
-17
Big Toilet Snake
2:56 Loom
10:19 Feudal Age
11:53 Double-Bit Axe
14:23 Man-at-Arms
18:48 Castle Age
18:18 Scale Mail Armor
19:23 Long Swordsman
19:34 Elite Skirmisher
22:19 Forging
25:55 Thumb Ring
PNAL | Franco El Proctologo
9:45 Loom
11:30 Feudal Age
12:26 Man-at-Arms
12:57 Double-Bit Axe
16:11 Arson
17:09 Forging
19:32 Horse Collar
23:53 Castle Age
26:25 Wheelbarrow
Connection lost

Rejoining the realm…

Still unreachable

The connection could not be restored.

Session expired

The server has moved on; the page needs a fresh start.